 Dungeon Crawl Stone Soup version 0.20.1-1-g8b1a95d (webtiles) character file.

12 Necronhym the Grave Robber (level 2, 0/19 (20) HPs)
             Began as a Ghoul Necromancer on Sept 25, 2017.
             Slain by Terence
             ... wielding a +2 hand axe of chopping
              (1 damage)
             ... on level 2 of the Dungeon.
             The game lasted 00:04:34 (333 turns).

Necronhym the Grave Robber (Ghoul Necromancer)       Turns: 333, Time: 00:04:35

HP:   0/19 (20)     AC:  5    Str: 11    XL:     2   Next: 33%
MP:   4/4           EV: 10    Int: 10    God:
Gold: 0             SH:  0    Dex:  9    Spells: 3/5 levels left

rFire    . . .     SeeInvis .   i - staff of summoning
rCold    + . .     Gourm    .   (no shield)
rNeg     + + +     Faith    .   f - +0 ring mail
rPois    ∞         Spirit   .   (no helmet)
rElec    .         Reflect  .   (no cloak)
rCorr    .         Harm     .   (no gloves)
MR       .....                  (no boots)
Stlth    +.........             (no amulet)
Regen    0.0/turn               (no ring)
MPRegen  0.1/turn               (no ring)

@: rotting, hasted, very quick
A: rotting body, claws 1, carnivore 3, cold resistance 1, negative energy
resistance 3, inhibited regeneration, torment resistance, unbreathing
a: no special abilities


You were on level 2 of the Dungeon.
You were not hungry.

You visited 1 branch of the dungeon, and saw 2 of its levels.

Inventory:

Armour
 a - a +0 robe
 f - a +0 ring mail (worn)
Magical Staves
 i - an uncursed staff of summoning (weapon)
Scrolls
 e - a scroll of remove curse {unknown}
 g - a scroll of teleportation {unknown}
Books
 b - a book of Necromancy

   Spells                             Type                      Level
   a - Pain                           Necromancy                   1
   b - Animate Skeleton               Necromancy                   1
   c - Vampiric Draining              Necromancy                   3
   d - Regeneration                   Charms/Necromancy            3
   e - Animate Dead                   Necromancy                   4
   f - Control Undead                 Necromancy                   4
Comestibles
 c - 2 meat rations
 d - 5 chunks of flesh


   Skills:
 + Level 1.7 Dodging
 + Level 2.2 Stealth
 + Level 2.0 Spellcasting
 + Level 4.3 Necromancy


You had 3 spell levels left.
You knew the following spells:

 Your Spells              Type           Power        Failure   Level  Hunger
a - Pain                  Necr           #...         13%         1    ##.....
b - Animate Skeleton      Necr           N/A          13%         1    ##.....


Dungeon Overview and Level Annotations

Branches:
Dungeon (2/15)

Altars:

Annotations:
D:2 Terence


Innate Abilities, Weirdness & Mutations

Your body is rotting away.
You thrive on raw meat.
You are immune to poison.
You have sharp fingernails.
You are carnivorous and can eat meat at any time.
Your flesh is cold resistant. (rC+)
You are immune to negative energy. (rN+++)
You do not regenerate when monsters are visible.
You are immune to unholy pain and torment.
You can survive without breathing.


Message History

You barely miss the bat.
The bat is moderately wounded.
The bat hits you but does no damage. Terence barely misses you.
The bat hits you but does no damage.
You hit Terence but do no damage.
Terence is lightly wounded.
The bat hits you but does no damage.
Terence hits you with a hand axe of chopping!
* * * LOW HITPOINT WARNING * * *
x2 Terence completely misses you.
You hit Terence but do no damage.
Terence is lightly wounded.
The bat hits you.
* * * LOW HITPOINT WARNING * * *
The bat hits you but does no damage. Terence completely misses you.
The bat hits you but does no damage.
It was a potion of haste.
You feel yourself speed up. The bat hits you but does no damage.
Terence hits you with a hand axe of chopping.
You die...

### .#
##.#####.###..
#............$
##..#.#..##...
#......##..
#@b........
#@.........
#..........
#.......##.
#.###.......#
#.
............#
............#
............#
.............#
.............#


You could see Terence and a bat.

Vanquished Creatures
  2 goblins (D:1)
  2 hobgoblins
  2 frilled lizards
  A kobold (D:1)
  A rat (D:1)
8 creatures vanquished.

Vanquished Creatures (collateral kills)
  A leopard gecko (D:1)
  2 bats (D:1)
  A kobold (D:1)
  A rat (D:1)
5 creatures vanquished.

Grand Total: 13 creatures vanquished

Notes
Turn   | Place    | Note
-------+----------+-------------------------------------------
     0 | D:1      | Necronhym the Ghoul Necromancer began the quest for the Orb.
     0 | D:1      | Reached XP level 1. HP: 14/14 MP: 2/2
    25 | D:1      | Learned a level 1 spell: Animate Skeleton
   191 | D:1      | Reached XP level 2. HP: 17/20 MP: 3/3
   315 | D:2      | Noticed Terence
   333 | D:2      | Slain by Terence

Skill      XL: |  1  2 |
---------------+-------+-----
Spellcasting   | 2 |  2.0
Dodging        | |  1.7
Stealth        | |  2.2
Necromancy     | |  4.3

Action                   || total
-------------------------++-------
Melee: Unarmed           ||    27
       Staff             ||    12
 Cast: Animate Skeleton  ||     8
  Use: Potion            ||     1
  Eat: Chunk             ||     7
Armor: Robe              ||    13
       Ring mail         ||    14
Dodge: Dodged            ||    65
